 Dungeon Crawl Stone Soup version 0.20.0-7-g3b7b877 (webtiles) character file.

99449 shmeve the Warrior (level 15, 0/145 HPs)
             Began as a Minotaur Fighter on May 28, 2017.
             Was the Champion of Trog.
             Killed by divine providence
             ... invoked by an orc high priest
              (10 damage)
             ... on level 2 of the Orcish Mines.
             The game lasted 00:55:58 (25341 turns).

shmeve the Warrior (Minotaur Fighter)              Turns: 25341, Time: 00:55:59

Health: 0/145      AC: 22    Str: 27    XL:     15   Next: 77%
Magic:  14/14      EV: 12    Int:  5    God:    Trog [******]
Gold:   2231       SH: 15    Dex: 10    Spells: 14/14 levels left

rFire    . . .     SeeInvis .   S - +4 broad axe (chop)
rCold    . . .     Gourm    .   c - +0 shield
rNeg     . . .     Faith    .   E - +0 plate armour
rPois    +         Spirit   .   (helmet restricted)
rElec    .         Reflect  .   u - +0 cloak
rCorr    .         Harm     .   U - +2 pair of gloves
MR       +++..                  G - +0 pair of boots
Stlth    ..........             (no amulet)
Regen    1.4/turn               H - ring of Shadows {Umbra +Inv Stlth+}
MPRegen  0.2/turn               J - ring of poison resistance

@: berserk cooldown, starving, regenerating, slowed, wreathed by umbra, very
slow
A: retaliatory headbutt, horns 2
a: Berserk, Trog's Hand, Brothers in Arms, Burn Spellbooks, Renounce Religion,
Evoke Invisibility


You were on level 2 of the Orcish Mines.
You worshipped Trog.
Trog was exalted by your worship.
You were starving.

You visited 4 branches of the dungeon, and saw 24 of its levels.

You collected 2231 gold pieces.

Inventory:

Hand Weapons
 S - a +4 broad axe of chopping (weapon)
Armour
 c - a +0 shield (worn)
 u - a +0 cloak (worn)
 E - a +0 plate armour (worn)
 G - a +0 pair of boots (worn)
 U - a +2 pair of gloves (worn)
Jewellery
 H - the ring of Shadows (left hand) {Umbra +Inv Stlth+}
   (You found it on level 12 of the Dungeon)

   [ring of stealth]

   It lets you turn invisible.
   It makes you more stealthy.
 J - a ring of poison resistance (right hand)
 L - an uncursed ring of protection from fire
 O - an uncursed ring of resist corrosion
 Q - the ring of Yredelemnul's Favour {rN+ Str+4 Int-2 Dex+2}
   (You found it on level 2 of the Lair of Beasts)

   [ring of positive energy]

   It affects your strength (+4).
   It affects your intelligence (-2).
   It affects your dexterity (+2).
   It protects you from negative energy.
Wands
 g - a wand of confusion (24/48)
 z - a wand of disintegration (14/24)
 K - a wand of digging (5/24)
 N - a wand of iceblast (8/15)
Scrolls
 a - 2 scrolls of immolation {unknown}
 e - 7 scrolls of teleportation
 i - 12 scrolls of remove curse
 k - 2 scrolls of amnesia {unknown}
 l - 4 scrolls of identify
 m - 2 scrolls of fog {unknown}
 o - 2 scrolls of fear {unknown}
 q - 5 scrolls of blinking
 r - 2 scrolls of noise {unknown}
 s - a scroll of enchant armour {unknown}
 w - a scroll of enchant weapon {unknown}
 x - 6 scrolls of magic mapping
 y - 3 scrolls of recharging {unknown}
 A - 3 scrolls of silence
 C - a scroll of vulnerability {unknown}
 F - a scroll of holy word {unknown}
 I - a scroll of random uselessness {unknown}
 P - a scroll of summoning {unknown}
Potions
 d - 4 potions of might
 h - 3 potions of agility
 n - 4 potions of curing
 t - 2 potions of brilliance
 v - 6 potions of flight
 D - 4 potions of invisibility
 M - 3 potions of haste
Comestibles
 b - 16 royal jellies
 f - 5 bread rations
 p - 17 meat rations
 R - a fruit


   Skills:
 * Level 16.7 Fighting
 * Level 16.4 Axes
 + Level 12.2 Armour
 + Level 11.3 Dodging
 * Level 16.7 Shields


You had 14 spell levels left.
You didn't know any spells.

Dungeon Overview and Level Annotations

Branches:
Dungeon (15/15)            Temple (1/1) D:4            Lair (6/6) D:11
 Shoals (0/4) Lair:3        Snake (0/4) Lair:4        Slime (0/5) Lair:6
    Orc (2/2) D:11            Elf (0/3) Orc:2        Vaults (0/5) D:13
 Depths (0/5) D:15

Altars:
Ashenzari
Cheibriados
Dithmenos
Elyvilon
Fedhas
Gozag
Hepliaklqana
Kikubaaqudgha
Makhleb
Nemelex Xobeh
Okawaru
Qazlal
Ru
Sif Muna
Trog
Uskayaw
Vehumet
Xom
Yredelemnul
Zin
Jiyva

Shops:
D:7 (

Annotations:
Lair:2 exclusion: 4 oklob plants


Innate Abilities, Weirdness & Mutations

You reflexively headbutt those who attack you in melee.
You have a pair of horns on your head.


Message History

The orc high priest is moderately wounded.
You hit the ice devil but do no damage. The ice devil hits you.
* * * LOW HITPOINT WARNING * * *
The ice devil freezes you!
* * * LOW HITPOINT WARNING * * *
The orc high priest hits you with a trident.
* * * LOW HITPOINT WARNING * * *
You hit the orc high priest.
The orc high priest is heavily wounded.
You miss the ice devil. The ice devil closely misses you.
The orc high priest misses you. The ice devil hits you!
* * * LOW HITPOINT WARNING * * *
The ice devil freezes you!
* * * LOW HITPOINT WARNING * * *
You closely miss the orc high priest.
The orc high priest is heavily wounded.
You hit the ice devil but do no damage.
The orc high priest invokes the aid of Beogh against you.
Beogh smites you!
You die...

#..... ....
#..#...
#....#...#...
##.#...
#...o.........
####..
..^.#...#....
#...
#...........#
##..
#...#...#...#
###
#.))......# ##
#.)#o4.#..#
##. ##))@....#
#.. ###)#)###
###.. #.))))#
##....
###.#)###
#.....
#....)))##
#.....
#..#...#).#
#.#...
#.........##
####..
#...#...#...#
#...
#...........##
##..


You could see an orc high priest and an ice devil.

Vanquished Creatures
  A frost giant (D:15)
  The ghost of Yurtisuma the Basher, a journeyman OgBe of Trog (D:14)
  A stone giant (Orc:2)
  A dire elephant (Lair:2)
  Josephine (Lair:6)
  Erolcha (D:13)
  Fannar (D:11)
  2 vault guards (D:13)
  5 hydras
  3 centaur warriors
  5 two-headed ogres
  10 death yaks
  5 orc high priests (Orc:2)
  Nergalle (Lair:4)
  3 skeletal warriors (D:15)
  2 unseen horrors
  A swamp dragon (shapeshifter) (D:15)
  A wizard (D:13)
  2 deep elf magi
  A wolf spider (Lair:6)
  3 necromancers (D:13)
  7 orc knights
  9 ugly things
  A wolf spider zombie (D:11)
  6 cyclopes
  3 manticores
  2 orc sorcerers (Orc:2)
  Joseph (D:7)
  26 elephants
  A guardian serpent (Lair:6)
  4 centaur zombies
  6 black mambas (Lair:6)
  A gargoyle (D:13)
  12 spiny frogs
  6 centaur skeletons
  4 rime drakes
  2 freezing wraiths (D:14)
  5 komodo dragons
  A yaktaur (D:15)
  2 hellwings (D:11)
  A harpy zombie (D:11)
  7 trolls
  3 meliai (D:13)
  3 polar bears
  6 hornets
  4 hippogriffs
  4 slime creatures (D:13)
  11 blink frogs
  4 redbacks (Lair:6)
  A spriggan (Lair:2)
  3 shadows
  A vampire (D:14)
  16 yaks
  5 wraiths
  10 wyverns
  2 basilisks
  A fire bat (shapeshifter) (D:13)
  19 humans (D:13)
  A steam dragon (D:12)
  2 hungry ghosts
  Menkaure (D:7)
  An acid dragon (D:14)
  29 water moccasins
  4 soldier ants
  8 porcupines
  33 orc warriors
  A black bear (D:8)
  An ice beast (D:11)
  A necrophage (D:10)
  2 eyes of draining
  8 ogres
  3 phantoms
  4 sky beasts
  19 wolves
  13 centaurs
  10 crocodiles
  A big kobold (D:10)
  21 bullfrogs
  A water moccasin zombie (D:11)
  3 scorpions
  3 wights (D:11)
  4 killer bees (D:12)
  4 howler monkeys
  An electric eel (Lair:3)
  10 crimson imps
  A quasit (D:6)
  2 bullfrog zombies
  A gnoll shaman (D:6)
  4 jellies
  5 hounds
  39 orc priests
  17 orc wizards
  4 bullfrog skeletons
  2 iguanas (D:4)
  10 worker ants
  A hound zombie (D:8)
  A hound skeleton (D:8)
  2 worker ant zombies
  A howler monkey skeleton (D:6)
  10 gnolls
  24 adders
  8 shadow imps
  3 white imps (D:14)
  2 adder skeletons
  2 worms
  2 dart slugs
  7 leopard geckos
  69 orcs
  7 giant cockroaches
  6 goblins
  7 hobgoblins
  7 jackals
  13 kobolds
  3 quokkas
  2 ball pythons
  11 bats
  4 frilled lizards
  A leopard gecko zombie (D:6)
  2 quokka skeletons
  8 rats
  8 fungi
  5 plants
741 creatures vanquished.

Vanquished Creatures (others)
  A troll (Orc:2)
  61 fungi
  32 plants
  A withered plant (D:11)
95 creatures vanquished.

Grand Total: 836 creatures vanquished

Notes
Turn   | Place    | Note
-------+----------+-------------------------------------------
     0 | D:1      | shmeve the Minotaur Fighter began the quest for the Orb.
     0 | D:1      | Reached XP level 1. HP: 19/19 MP: 0/0
    74 | D:1      | Reached XP level 2. HP: 21/27 MP: 1/1
   379 | D:2      | Reached XP level 3. HP: 33/33 MP: 2/2
   485 | D:2      | Found a sparkling altar of Nemelex Xobeh.
   631 | D:2      | Reached skill level 1 in Dodging
   764 | D:2      | Reached XP level 4. HP: 41/41 MP: 3/3
  1014 | D:3      | Reached XP level 5. HP: 37/47 MP: 4/4
  1394 | D:3      | Reached skill level 5 in Fighting
  1794 | D:4      | Found a shimmering altar of Xom.
  1806 | D:4      | Reached skill level 5 in Shields
  1806 | D:4      | Reached XP level 6. HP: 55/56 MP: 5/5
  1812 | D:4      | Found a shimmering altar of Xom.
  1838 | D:4      | Found a shimmering altar of Xom.
  1977 | D:4      | Found a staircase to the Ecumenical Temple.
  1986 | Temple   | Entered the Ecumenical Temple
  2000 | Temple   | Became a worshipper of Trog the Wrathful
  2050 | D:4      | Found a glowing silver altar of Zin.
  2491 | D:5      | Entered Level 5 of the Dungeon
  2739 | D:5      | Found a stormy altar of Qazlal.
  2855 | D:5      | Reached skill level 5 in Axes
  2855 | D:5      | Reached XP level 7. HP: 41/63 MP: 6/6
  3274 | D:5      | Found a radiant altar of Vehumet.
  3488 | D:5      | Found a burning altar of Makhleb.
  3974 | D:6      | Got a warped brass amulet
  3975 | D:6      | Identified the amulet of Rinuanue {Inacc Str+2 Int+2 Stlth+} (You found it on level 6 of the Dungeon)
  4282 | D:6      | Reached * piety under Trog
  4296 | D:6      | Reached skill level 5 in Armour
  4423 | D:6      | Reached XP level 8. HP: 71/71 MP: 7/7
  4891 | D:7      | Found Wyseneamya's Weapon Boutique.
  5122 | D:7      | Noticed Joseph
  5142 | D:7      | Killed Joseph
  5142 | D:7      | Reached XP level 9. HP: 76/81 MP: 8/8
  5631 | D:7      | Reached ** piety under Trog
  5774 | D:7      | Noticed Menkaure
  5780 | D:7      | Killed Menkaure
  6578 | D:7      | Found a deep blue altar of Sif Muna.
  6790 | D:8      | Reached skill level 5 in Dodging
  7981 | D:9      | Reached XP level 10. HP: 70/91 MP: 9/9
  8301 | D:10     | Entered Level 10 of the Dungeon
  8360 | D:10     | Reached *** piety under Trog
  8485 | D:10     | Reached skill level 10 in Fighting
  8613 | D:10     | Reached skill level 10 in Shields
  8889 | D:10     | Reached skill level 10 in Axes
  9261 | D:11     | Found a staircase to the Orcish Mines.
  9278 | D:11     | Reached **** piety under Trog
  9283 | D:11     | Reached XP level 11. HP: 80/101 MP: 10/10
  9581 | D:11     | Noticed Fannar
  9607 | D:11     | Killed Fannar
  9806 | D:11     | Killed an unseen horror
  9893 | D:11     | Found a staircase to the Lair.
 10020 | D:11     | Noticed a purple ugly thing
 10034 | D:11     | Killed a purple ugly thing
 10423 | D:11     | Noticed a white ugly thing
 10433 | D:11     | Killed a white ugly thing
 10434 | D:11     | Noticed a two-headed ogre
 10450 | D:11     | Noticed a two-headed ogre
 10451 | D:11     | Killed a two-headed ogre
 10459 | D:11     | Killed a two-headed ogre
 10788 | D:11     | Got a brightly glowing leather armour
 10799 | D:11     | Identified the +1 leather armour "Kout" {rPois MR- Int+9 Dex-4} (You found it on level 11 of the Dungeon)
 11187 | D:12     | Noticed a purple ugly thing
 11198 | D:12     | Killed a purple ugly thing
 11558 | D:12     | Noticed a deep elf mage
 11576 | D:12     | Killed a deep elf mage
 11576 | D:12     | Reached ***** piety under Trog
 11576 | D:12     | Reached XP level 12. HP: 66/112 MP: 11/11
 11729 | D:12     | Noticed a five-headed hydra
 11739 | D:12     | Killed a ten-headed hydra
 12538 | D:13     | Noticed a two-headed ogre
 12543 | D:13     | Killed a two-headed ogre
 13062 | D:13     | Found a gate to the Vaults.
 13062 | D:13     | Noticed a vault guard
 13062 | D:13     | Noticed a vault guard
 13076 | D:13     | Received a gift from Trog
 13088 | D:13     | Killed a vault guard
 13090 | D:13     | Killed a vault guard
 13090 | D:13     | Reached XP level 13. HP: 57/122 MP: 12/12
 13098 | D:13     | Got a faintly glowing battleaxe {god gift}
 13130 | D:13     | Lost intelligence.
 13130 | D:13     | Identified the +5 battleaxe "Mueb" {freeze, rC- Str+7 Int-5 Stlth+} (Trog gifted it to you on level 13 of the Dungeon)
 13227 | D:13     | Noticed Erolcha
 13236 | D:13     | Killed Erolcha
 13723 | D:13     | Reached skill level 10 in Armour
 14797 | D:14     | Noticed Yurtisuma's ghost (journeyman OgBe)
 14835 | D:14     | Killed Yurtisuma's ghost
 15422 | D:15     | Entered Level 15 of the Dungeon
 15437 | D:15     | Found a deep blue altar of Sif Muna.
 16458 | D:15     | Found a staircase to the Depths.
 16458 | D:15     | Noticed a frost giant
 16470 | D:15     | Killed a frost giant
 17639 | D:11     | Received a gift from Trog
 17735 | Lair:1   | Entered Level 1 of the Lair of Beasts
 17777 | Lair:1   | Reached XP level 14. HP: 84/133 MP: 13/13
 18925 | Lair:2   | Got a heavily runed bone ring
 19150 | Lair:2   | Received a gift from Trog
 19156 | Lair:2   | Reached skill level 15 in Fighting
 19164 | Lair:2   | Reached skill level 15 in Shields
 19214 | Lair:2   | Reached skill level 10 in Dodging
 19226 | Lair:2   | Identified the ring of Yredelemnul's Favour {rN+ Str+4 Int-2 Dex+2} (You found it on level 2 of the Lair of Beasts)
 19699 | Lair:3   | Reached skill level 15 in Axes
 19727 | Lair:3   | Found a glowing silver altar of Zin.
 19819 | Lair:3   | Found a staircase to the Shoals.
 20694 | Lair:4   | Found a staircase to the Snake Pit.
 20728 | Lair:4   | Noticed Nergalle
 20739 | Lair:4   | Killed Nergalle
 21133 | Lair:4   | Received a gift from Trog
 22464 | Lair:6   | Entered Level 6 of the Lair of Beasts
 22482 | Lair:6   | Reached XP level 15. HP: 125/143 MP: 14/14
 22506 | Lair:6   | Found a staircase to the Slime Pits.
 22507 | Lair:6   | Found a viscous altar of Jiyva.
 22507 | Lair:6   | Noticed Josephine
 22529 | Lair:6   | Killed Josephine
 22585 | Lair:6   | Received a gift from Trog
 22894 | Lair:6   | Found a shimmering altar of Xom.
 24103 | Orc:1    | Entered Level 1 of the Orcish Mines
 24258 | Orc:2    | Entered Level 2 of the Orcish Mines
 24278 | Orc:2    | Received a gift from Trog
 24376 | Orc:2    | Found a staircase to the Elven Halls.
 24740 | Orc:2    | Reached ****** piety under Trog
 25324 | Orc:2    | Received a gift from Trog
 25341 | Orc:2    | Killed from afar by an orc high priest

Skill      XL: |  1  2  3  4  5  6  7  8  9 10 11 12 13 14 15 |
---------------+----------------------------------------------+-----
Axes           | 3 4 5 6 7 9 10 12 13 14 15 16 | 16.4
Fighting       | 4 5 6 8 9 10 11 13 14 15 16 | 16.7
Shields        | 4 5 6 7 9 10 12 13 14 15 16 | 16.7
Armour         | 4 5 6 7 8 9 10 11 12 | 12.2
Dodging        | 1 2 3 4 5 6 7 8 9 10 11 | 11.3

Action                   |  1- 3 |  4- 6 |  7- 9 | 10-12 | 13-15 || total
-------------------------+-------+-------+-------+-------+-------++-------
Melee: War axe           |    45 |   153 |   367 |   601 |    22 ||  1188
       Headbutt          |     6 |    22 |    73 |   137 |   308 ||   546
       Broad axe         |       |       |       |       |  1217 ||  1217
Invok: Berserk           |       |       |     3 |    11 |    18 ||    32
       Trog's Hand       |       |       |     1 |     5 |     5 ||    11
       Burn Spellbooks   |       |       |     1 |       |     2 ||     3
Evoke: Wand              |       |       |     7 |       |     3 ||    10
  Use: Potion            |       |       |       |     5 |     6 ||    11
       Scroll            |       |       |       |     8 |     8 ||    16
  Eat: Chunk             |       |     6 |    17 |    20 |    39 ||    82
       Royal jelly       |       |       |     1 |     1 |       ||     2
       Fruit             |       |       |       |     4 |     8 ||    12
       Bread ration      |       |       |       |     1 |     3 ||     4
Armor: Scale mail        |    24 |    91 |     7 |       |       ||   122
       Chain mail        |       |       |   122 |       |       ||   122
       Plate armour      |       |       |    52 |   334 |   418 ||   804
Dodge: Dodged            |    23 |    65 |   122 |   199 |   526 ||   935
Block: Shield            |    33 |    90 |   254 |   387 |   993 ||  1757
